 Dungeon Crawl Stone Soup version 0.25-a0-68-ge58f8a54b6 (webtiles) character file.

Game seed: 5594756853338097518, levelgen mode: deterministic

1097 kikaha the Ducker (level 8, -18/81 HPs)
             Began as an Octopode Arcane Marksman on Nov 2, 2019.
             Demolished by an ogre
             ... wielding a +0 giant spiked club
              (25 damage)
             ... on level 5 of the Dungeon.
             The game lasted 00:06:50 (5964 turns).

kikaha the Ducker (Octopode Arcane Marksman)        Turns: 5964, Time: 00:06:51

Health: -18/81     AC: 24    Str: 13    XL:     8   Next: 31%
Magic:  9/9        EV:  2    Int: 16    God:
Gold:   239        SH:  0    Dex: 13    Spells: 2/9 levels left

rFire    . . .     SeeInvis .   y - +2 trident (freeze)
rCold    . . .     Gourm    +   (no shield)
rNeg     + + +     Faith    .   (helmet currently unavailable)
rPois    +         Spirit   .   p - amulet of the gourmand
rElec    .         Reflect  .   z - +3 ring of strength
rCorr    +         Harm     .   s - ring of resist corrosion
MR       .....     NoTele   +   (no ring)
Stlth    ++........             (no ring)
HPRegen  0.23/turn              (no ring)
MPRegen  0.11/turn              (no ring)
                                (no ring)
                                (no ring)

@: tree-form, very slow
A: almost no armour, stealthy swim, (amphibious), 8 rings, (constrict 8)
a: no special abilities


You were on level 5 of the Dungeon.
You were not hungry.
You were a tree.
You visited 1 branch of the dungeon, and saw 5 of its levels.

You collected 239 gold pieces.

Inventory:

Hand Weapons
 l - a +0 short sword
 o - a +1 mace of crushing
 u - a +0 spear
 y - a +2 trident of freezing (weapon)
 D - a +2 dagger of electrocution
Missiles
 b - 5 javelins (quivered)
 c - 2 throwing nets {!f}
 i - 11 poisoned darts
 j - 107 stones
 w - 6 atropa-tipped darts
Jewellery
 p - an amulet of the gourmand (around neck)
 s - a ring of resist corrosion (right branch)
 z - a +3 ring of strength (left branch)
Wands
 F - a wand of clouds (1)
Scrolls
 a - 4 scrolls of amnesia {unknown}
 e - 2 scrolls of enchant armour {unknown}
 f - a scroll of remove curse {unknown}
 h - 3 scrolls of fear {unknown}
 q - 3 scrolls of identify {unknown}
 x - a scroll of blinking {unknown}
 A - 3 scrolls of teleportation {unknown}
 E - a scroll of noise {unknown}
 G - 2 scrolls of immolation {unknown}
Potions
 k - a potion of invisibility {unknown}
 m - a potion of curing {unknown}
 n - 2 potions of haste
 r - a potion of degeneration {unknown}
 t - a potion of ambrosia
 v - a potion of brilliance {unknown}
 B - a potion of experience {unknown}
 C - a potion of heal wounds {unknown}
Comestibles
 d - 7 rations


   Skills:
 + Level 4.8 Fighting
 * Level 5.2 Polearms
 - Level 2.0 Throwing
 * Level 6.4 Dodging
 - Level 1.0 Spellcasting
 - Level 3.0 Hexes


You had 2 spell levels left.
You knew the following spells:

 Your Spells              Type           Power        Failure   Level  Hunger
a - Corona                Hex            ##.....      7%          1    ##.....
b - Slow                  Hex            ##......     10%         2    ###....
c - Cause Fear            Hex            ##........   54%         4    #####..

Your spell library contained the following spells:

 Spells                   Type           Power        Failure   Level  Hunger
 Inner Flame              Hex/Fire       #.......     36%         3    ####...
 Portal Projectile        Hex/Tloc       #.....       36%         3    ####...
 Leda's Liquefaction      Hex/Erth       #.........   77%         4    #####..


Dungeon Overview and Level Annotations

Branches:
Dungeon (5/15)
 Temple: D:4-7

Altars:
Yredelemnul
Zin

Annotations:
D:4 2 transporters, Fingolfin's ghost, amateur NaWz


Innate Abilities, Weirdness & Mutations

You cannot wear most types of armour.
You are very stealthy in the water. (Stealth+)
((You are amphibious.))
You can wear up to eight rings at the same time.
((You can use your tentacles to constrict eight enemies at once.))
((Your skin changes colour to match your surroundings (Stealth+).))
((Your rubbery body absorbs attacks. (AC +1, EV +1)))


Message History

The bullfrog zombie barely misses you.
Really quaff the potion of lignification?
You turn into a tree.
Your roots penetrate the ground.
You lose your grip on the bullfrog zombie.
The bullfrog zombie hits you but does no damage.
You puncture the bullfrog zombie!
You destroy the bullfrog zombie!
Aiming: Cloud Cone
Aim: an ogre, wielding a +0 giant spiked club You create a blast of noxious fumes!
The ogre is engulfed in noxious fumes.
The ogre appears confused.
You completely miss the ogre.
The ogre is engulfed in noxious fumes.
The ogre appears confused.
Attack whom?
Aim: an ogre, wielding a +0 giant spiked club (lightly wounded, confused)
You reach to attack!
You hit the ogre but do no damage.
The ogre is engulfed in noxious fumes.
The ogre asks, "Where am I?"
The ogre hits you with a +0 giant spiked club!!
You die...

.........## #.....#....##.
..........###.............
...............#≈..#.....#
..#............≈≈≈≈≈.....#
#.....#.....(#≈≈≈†≈≈≈#....
#............≈≈≈≈≈†≈≈≈....
##....<.......≈≈≈)≈)≈.....
#...#......).≈≈≈≈)≈≈.....
...####......#≈§♣≈≈≈≈#....
... #......§§O§≈≈≈......
.. #.##..§§§#...#......
..._...§§............
.......§§....$.......
................#
..........?.....
.......#.##....


You could see an ogre (confused).

Vanquished Creatures
  Menkaure (D:4)
  A water moccasin (D:5)
  A sky beast (D:5)
  2 phantoms
  A water moccasin skeleton (D:5)
  2 bullfrog zombies (D:5)
  2 hounds
  3 orc priests (D:4)
  Jessica (D:3)
  3 worker ants (D:4)
  2 orc wizards (D:4)
  A hound skeleton (D:4)
  A worker ant zombie (D:5)
  8 adders
  An adder skeleton (D:5)
  3 worms
  2 leopard geckos
  19 orcs
  2 bats (D:1)
  6 giant cockroaches
  4 goblins
  4 hobgoblins
  7 jackals
  2 quokkas
  2 frilled lizards
  2 giant cockroach zombies (D:5)
  3 kobolds
  A quokka zombie (D:5)
  12 rats
99 creatures vanquished.

Vanquished Creatures (others)
  5 plants (D:4)
5 creatures vanquished.

Grand Total: 104 creatures vanquished

Notes
Turn   | Place    | Note
-------+----------+-------------------------------------------
     0 | D:1      | kikaha the Octopode Arcane Marksman began the quest for the
                  | Orb.
     0 | D:1      | Reached XP level 1. HP: 13/13 MP: 2/2
   190 | D:1      | Reached XP level 2. HP: 18/18 MP: 3/3
  1162 | D:1      | Learned a level 2 spell: Slow
  1327 | D:2      | Reached XP level 3. HP: 20/24 MP: 4/4
  1369 | D:2      | Reached skill level 3 in Dodging
  1852 | D:2      | Found a glowing silver altar of Zin.
  1866 | D:2      | Reached XP level 4. HP: 24/30 MP: 0/5
  2787 | D:3      | Noticed Jessica
  2789 | D:3      | Killed Jessica
  2789 | D:3      | Reached skill level 1 in Polearms
  2789 | D:3      | Reached XP level 5. HP: 36/36 MP: 6/6
  2935 | D:4      | Noticed a phantom
  2970 | D:4      | Noticed a phantom
  2984 | D:4      | Reached skill level 4 in Dodging
  3806 | D:4      | Killed a phantom
  3806 | D:4      | Reached XP level 6. HP: 30/42 MP: 7/7
  4116 | D:4      | Found a transporter.
  4179 | D:4      | Found a transporter.
  4181 | D:4      | Noticed Fingolfin's ghost (amateur NaWz)
  4229 | D:4      | Reached skill level 5 in Dodging
  4229 | D:4      | Reached XP level 7. HP: 8/47 MP: 8/8
  4357 | D:4      | Noticed Menkaure
  4519 | D:4      | Identified the +5 shield of the Peasants {rF+ Str+4 Stlth+}
  4535 | D:4      | Killed Menkaure
  5511 | D:5      | Entered Level 5 of the Dungeon
  5517 | D:5      | Learned a level 4 spell: Cause Fear
  5650 | D:5      | Reached skill level 6 in Dodging
  5650 | D:5      | Reached XP level 8. HP: 32/54 MP: 9/9
  5835 | D:5      | Found a basalt altar of Yredelemnul.
  5849 | D:5      | Found a glowing drain.
  5870 | D:5      | Reached skill level 5 in Polearms
  5964 | D:5      | Demolished by an ogre

Levels and vault maps discovered:
D:1:      dpeg_arrival_lava_altar, layout_loops_cross
D:2:      layout_basic, zin_academy
D:3:      layout_loops_cross, minmay_misc_feat_room, uniq_jessica
D:4:      layout_rooms, gammafunk_ghost_gnarly_gnolls, uniq_menkaure
D:5:      layout_cave_pools, overflow_temple_1_default, first_ration,
          cheibrodos_sewer_entry_drain

Skill      XL: |  1  2  3  4  5  6  7  8 |
---------------+-------------------------+-----
Fighting       | 2 3 4 |  4.8
Dodging        | 3 4 5 6 |  6.4
Polearms       | 1 2 3 4 5 |  5.2
Throwing       | |  2.0
Spellcasting   | |  1.0
Hexes          | |  3.0

Action                   |  1- 3 |  4- 6 |  7- 9 || total
-------------------------+-------+-------+-------++-------
Melee: Unarmed           |    40 |       |       ||    40
       Constrict         |    17 |    25 |    14 ||    56
       Tentacles         |    13 |    20 |    11 ||    44
       Short sword       |    19 |       |       ||    19
       Mace              |     7 |     9 |       ||    16
       Trident           |       |   110 |    85 ||   195
Throw: Javelin           |     5 |       |       ||     5
 Cast: Slow              |     3 |       |       ||     3
Evoke: Wand              |       |     1 |     2 ||     3
  Use: Potion            |       |     1 |     2 ||     3
 Stab: Sleeping          |     5 |     5 |     2 ||    12
  Eat: Chunk             |     3 |    10 |     3 ||    16
       Ration            |       |     1 |       ||     1
Armor: Skin              |     6 |     4 |     1 ||    11
Dodge: Dodged            |    41 |    88 |    45 ||   174

Table legend:
 A = Non-vault XP
 B = Vault XP
 C = Vault XP percentage of total XP
 D = Non-vault monster count
 E = Vault monster count
 F = Vault count percentage of total count
                 A         B        C        D         E       F
            +---------+---------+-------+---------+---------+-------
      Total |    1352 |     216 |  13.8 |      94 |       5 |   5.1
            +---------+---------+-------+---------+---------+-------
        D:1 |      26 |       0 |   0.0 |      15 |       0 |   0.0
        D:2 |      82 |       0 |   0.0 |      15 |       0 |   0.0
        D:3 |     164 |      37 |  18.4 |      18 |       1 |   5.3
        D:4 |     548 |     172 |  23.9 |      28 |       1 |   3.4
        D:5 |     532 |       7 |   1.3 |      18 |       3 |  14.3
            +---------+---------+-------+---------+---------+-------
